Cogmind - Beta 15 @@@ ROGUE MODE // 2025.05.09 @ 00:53:12 Player: FloorSandwich Result: Self-destructed Performance ------------- Evolutions (1) 500 Regions Visited (4) 800 Robots Destroyed (26) 130 Value Destroyed (530) 530 Prototype IDs (0) 0 Alien Tech Used (0) 0 Bonus (-48) -48 TOTAL SCORE: 1912 Bonus ------- Friendly Fire -48 Cogmind --------- Core Integrity 280/400 Matter 53/300 Energy 240/240 System Corruption 0% Temperature Cool (0) Movement Treading (160) Location -7/Zion Parts ------- > --- POWER (2) -------- Nuclear Core > --- PROPULSION (2) --- Improved Treads Improved Treads > --- UTILITY (2) ------ Small Storage Unit Hacking Suite > --- WEAPON (3) ------- Shotgun Rocket Launcher > --- INVENTORY (8) ---- Light Ion Engine Light Ion Engine Light Nuclear Core Cryofiber Web Weight Redist. System Improved Medium Armor Plating Advanced Assault Cannon Peak State ------------ > --- POWER ------------ Nuclear Core > --- PROPULSION ------- Improved Treads Improved Treads > --- UTILITY ---------- Small Storage Unit Hacking Suite > --- WEAPON ----------- Shotgun Shotgun Advanced Assault Cannon > --- INVENTORY -------- Light Ion Engine Light Ion Engine Light Nuclear Core Cryofiber Web Weight Redist. System Rocket Launcher [Rating: 20] Favorites ----------- Power Light Ion Engine Engine Light Ion Engine Power Core Nuclear Core Propulsion Improved Treads Treads Improved Treads Utility Small Storage Unit Storage Small Storage Unit Processor Signal Interpreter Hackware Hacking Suite Weapon Shotgun Energy Gun EM Pulse Gun Ballistic Gun Shotgun Ballistic Cannon Light Cannon Launcher Rocket Launcher Build | -11 -10 -9 -9 -7 ------- Run | Yrd Mat Mat Min Zio Slots Evolved 2 | . . 2 . . Power 1 | . . 1 . . Propulsion . | . . . . . Utility . | . . . . . Weapon 1 | . . 1 . . Parts Attached 20 | 6 3 8 . 3 Power 3 | 1 . . . 2 Engine 2 | 1 . . . 1 Core 1 | . . . . 1 Reactor . | . . . . . Propulsion 6 | 2 2 2 . . Treads 6 | 2 2 2 . . Leg . | . . . . . Wheel . | . . . . . Hover . | . . . . . Flight . | . . . . . Utility 3 | 1 . 2 . . Device . | . . . . . Storage 1 | 1 . . . . Processor 1 | . . 1 . . Hackware 1 | . . 1 . . Protection . | . . . . . Artifact . | . . . . . Weapon 8 | 2 1 4 . 1 Energy Gun 1 | 1 . . . . Energy Cannon . | . . . . . Ballistic Gun 3 | 1 . 2 . . Ballistic Cannon 2 | . . 1 . 1 Launcher 2 | . 1 1 . . Special Weapon . | . . . . . Impact Weapon . | . . . . . Slashing Weapon . | . . . . . Piercing Weapon . | . . . . . Special Melee Weapon . | . . . . . Unidentified Prototypes . | . . . . . Parts Lost 6 | . . 5 . 1 Power 1 | . . 1 . . Propulsion 1 | . . 1 . . Utility . | . . . . . Weapon 4 | . . 3 . 1 Highest Loss Streak 2 | . . 2 . 1 To Critical Strikes . | . . . . . Average Backups 5 | 1 3 6 4 6 Power 2 | . 2 3 3 3 Propulsion . | . . 1 . . Utility 1 | . . . 1 2 Weapon . | . . . . . Tool/Special . | . . . . . Unused Backups 5 | . . . . 5 Power 2 | . . . . 2 Propulsion . | . . . . . Utility 3 | . . . . 3 Weapon . | . . . . . Tool/Special . | . . . . . Average Slot Usage (%) 82 | . 85 78 77 84 Engine 5 | . 14 6 . . Core 3 | . . . . 8 Treads 22 | . 28 20 22 22 Storage 11 | . 14 11 11 11 Processor 1 | . . 3 . . Hackware 7 | . . 6 11 11 Energy Gun 2 | . 11 . . . Ballistic Gun 16 | . 14 11 22 21 Ballistic Cannon 6 | . . 8 . 6 Launcher 5 | . 2 9 11 4 Peak Build Rating 20 | 6 10 14 14 20 Average Rating 13 | 3 7 12 14 18 On Entrance 8 | . 6 10 14 14 Naked Turns . | . . . . . Heaviest Build 24 | 12 14 17 15 24 Greatest Support 46 | 40 46 46 46 46 Greatest Overweight (x) . | . . . . . Average Overweight (x) . | . . . . . Largest Inventory Capacity 8 | 8 8 8 8 8 Average Capacity 7 | 5 8 8 8 8 Most Carried 8 | 4 7 8 4 7 Average Carried 5 | 1 3 6 4 6 Final Capacity 8 | 8 8 8 8 8 Final Carried 7 | 1 6 4 4 7 Class Distribution -------------------- 58% | Gunner 33% | Mutant 8% | Bomber Dominant Class ---------------- Mutant | -10/Materials Gunner | -9/Materials Gunner | -9/Mines Gunner | -7/Zion Resources | -11 -10 -9 -9 -7 ----------- Run | Yrd Mat Mat Min Zio Matter Collected 579 | 198 105 204 . 72 Remotely . | . . . . . Salvage Created 753 | . 215 538 . . Parts 52 | 1 13 38 . . Haulers Intercepted . | . . . . . Recyclers Shooed 1 | . . 1 . . Parts Field Recycled . | . . . . . Retrieved Matter . | . . . . . Parts Self-Destructed . | . . . . . Prevented . | . . . . . Kills | -11 -10 -9 -9 -7 ------- Run | Yrd Mat Mat Min Zio Combat Hostiles Destroyed 15 | . 4 11 . . Guns 7 | . 2 5 . . Cannons 3 | . . 3 . . AOE 5 | . 2 3 . . Classes Destroyed 8 | 1 3 4 . . Worker 2 | 1 . 1 . . Builder 3 | . . 3 . . Recycler 5 | . 2 3 . . Watcher 1 | . . 1 . . Swarmer 5 | . 2 3 . . Grunt 8 | . 2 6 . . Duelist 1 | . . 1 . . Sentry 1 | . . 1 . . Best Kill Streak 15 | 1 4 15 . . Combat Bots Only 7 | . 2 7 . . Max Kills in Single Turn 3 | 1 2 3 . . Gunslinging . | . . . . . Exploded 2 | . 2 1 . . Melee . | . . . . . Uniques/NPCs Destroyed . | . . . . . Combat | -11 -10 -9 -9 -7 -------- Run | Yrd Mat Mat Min Zio Hostile Shots Fired 165 | . 23 91 . 51 Missed 53 | . 10 25 . 18 Hits 112 | . 13 66 . 33 Melee 4 | . . 2 . 2 Projectile 108 | . 13 64 . 31 Damage Taken 1414 | . 139 757 . 518 Core 149 | . 29 64 . 56 Absorbed by Shields . | . . . . . Core Remaining (%) 94 | 100 88 . . . Volleys Fired 42 | . 14 23 . 5 Largest 3 | . 2 3 . 3 Hottest 86 | . 60 86 . 86 Shots Fired 101 | . 28 58 . 15 Gun 67 | . 27 30 . 10 Cannon 21 | . . 17 . 4 Launcher 13 | . 1 11 . 1 Special . | . . . . . Kinetic 75 | . 14 47 . 14 Thermal . | . . . . . Explosive 13 | . 1 11 . 1 Electromagnetic 13 | . 13 . . . Robot Hit Streak 12 | . 12 5 . . Robot Miss Streak 5 | . 2 5 . . Penetration Max . | . . . . . Secondary Targets 2 | . 1 1 . . Max Gunslinging Chain 1 | . 1 1 . . Shots Hit Robots 48 | . 19 29 . . Core Hits 46 | 1 9 35 . 1 Critical Kills . | . . . . . Critical Parts Destroyed . | . . . . . Critical Strikes 1 | . . 1 . . Blast 1 | . . 1 . . Melee Attacks . | . . . . . Impact . | . . . . . Slashing . | . . . . . Piercing . | . . . . . Sneak Attacks . | . . . . . Combat Hostiles . | . . . . . Follow-up Attacks . | . . . . . Damage Inflicted 1450 | 2 374 1026 . 48 Guns 513 | . 247 266 . . Cannons 178 | . . 178 . . Explosions 757 | . 127 582 . 48 Melee . | . . . . . Ramming 2 | 2 . . . . Kinetic 556 | . 112 444 . . Thermal . | . . . . . Explosive 757 | . 127 582 . 48 Electromagnetic 135 | . 135 . . . Impact . | . . . . . Slashing . | . . . . . Piercing . | . . . . . Highest Corruption . | . . . . . Average Corruption . | . . . . . Corruption Purged . | . . . . . Corruption Blocked . | . . . . . Overload Shots . | . . . . . Overflow Damage 2 | . . 2 . . Projectiles . | . . . . . Explosions 2 | . . 2 . . Melee . | . . . . . Knockbacks . | . . . . . Impact . | . . . . . Kinetic . | . . . . . Secondary . | . . . . . Self-Inflicted Damage 19 | . . 19 . . Shots 1 | . . 1 . . Rammed . | . . . . . Targets Rammed 1 | 1 . . . . Kicked . | . . . . . Crushed 1 | 1 . . . . Highest Temperature 42 | . 33 24 . 42 Average Temperature 15 | . 18 8 . 19 Received Heat Transfer 252 | . 60 183 . 9 Siege Activations . | . . . . . Martial Activations . | . . . . . Shielding Activations . | . . . . . Robots Disrupted . | . . . . . Combat Hostiles . | . . . . . Robots Corrupted . | . . . . . Combat Hostiles . | . . . . . Parts Fried 1 | . 1 . . . Impact Corruptions . | . . . . . Robots Melted . | . . . . . Combat Hostiles . | . . . . . Parts Melted . | . . . . . Heat Transferred . | . . . . . Parts Sabotaged . | . . . . . Parts Stolen . | . . . . . Parts Stripped . | . . . . . Power Chain Reactions . | . . . . . Alert | -11 -10 -9 -9 -7 ------- Run | Yrd Mat Mat Min Zio Maximum Alert Level 1 | . . 1 . . Low Security (%) 79 | 100 100 63 100 . Level 1 20 | . . 36 . . Level 2 . | . . . . . Level 3 . | . . . . . Level 4 . | . . . . . Level 5 . | . . . . . High Security . | . . . . . Max Security . | . . . . . Peak Influence 305 | . 48 305 109 . Initial 109 | . 3 11 109 . Average 64 | . 17 102 109 . Influence Increases 576 | 5 124 447 . . Destroy 0b10 Robot/C 300 | . 80 220 . . Destroy 0b10 Robot/NC 55 | 5 10 40 . . Destroy Leader 52 | . 10 42 . . Successful Hack 20 | . . 20 . . Disable Machine 60 | . 15 45 . . Destroy Structure 89 | . 9 80 . . Influence Decreases 576 | . 101 194 172 109 Entered New Map 300 | . 2 17 172 109 Time Decay 226 | . 99 127 . . Lost Part 50 | . . 50 . . Squads Dispatched 1 | . . 1 . . Investigation 1 | . . 1 . . Extermination . | . . . . . Reinforcement . | . . . . . Assault . | . . . . . Garrison . | . . . . . Intercept . | . . . . . Searches Triggered . | . . . . . Construction Impeded . | . . . . . Haulers Reinforced . | . . . . . Active Scanning Responses . | . . . . . Cargo Convoy Interrupts . | . . . . . Stealth | -11 -10 -9 -9 -7 --------- Run | Yrd Mat Mat Min Zio Distress Signals 2 | . 1 1 . . Communications Jammed . | . . . . . Distress Signals . | . . . . . Times Spotted 46 | . 9 20 . 17 Peak Tracking Total 18 | . 3 6 . 18 Tactical Retreats . | . . . . . Traps | -11 -10 -9 -9 -7 ------- Run | Yrd Mat Mat Min Zio Traps Triggered . | . . . . . Indirectly . | . . . . . Trap Hack Attempts . | . . . . . Triggered . | . . . . . Disarmed . | . . . . . Reprogrammed . | . . . . . Reused . | . . . . . Traps Extracted . | . . . . . Installed . | . . . . . Triggered . | . . . . . Machines | -11 -10 -9 -9 -7 ---------- Run | Yrd Mat Mat Min Zio Machines Disabled 6 | . 1 4 . 1 Max in Single Turn 2 | . 1 2 . 1 Machines Repaired . | . . . . . Machines Dismantled . | . . . . . Machines Sabotaged . | . . . . . Overloaded Fab Kills . | . . . . . Hacking | -11 -10 -9 -9 -7 --------- Run | Yrd Mat Mat Min Zio Machines Accessed 1 | . . 1 . . Terminals 1 | . . 1 . . Fabricators . | . . . . . Repair Stations . | . . . . . Recycling Units . | . . . . . Scanalyzers . | . . . . . Garrison Access . | . . . . . Total Hacks 4 | . . 4 . . Successful 2 | . . 2 . . Failed 2 | . . 2 . . Catastrophic . | . . . . . Database Lockouts . | . . . . . Manual 3 | . . . . 3 Terminals 4 | . . 4 . . Fabricators . | . . . . . Repair Stations . | . . . . . Recycling Units . | . . . . . Scanalyzers . | . . . . . Garrison Access . | . . . . . Terminal Hacks 2 | . . 2 . . Record 2 | . . 2 . . Fabricator Hacks . | . . . . . Repair Station Hacks . | . . . . . Recycling Unit Hacks . | . . . . . Scanalyzer . | . . . . . Garrison Access Hacks . | . . . . . Unauthorized Hacks . | . . . . . Terminals . | . . . . . Fabricators . | . . . . . Repair Stations . | . . . . . Recycling Units . | . . . . . Scanalyzers . | . . . . . Garrison Access . | . . . . . Data Cores Recovered . | . . . . . Used . | . . . . . Hacking Detections 1 | . . 1 . . Full Trace Events 1 | . . 1 . . Feedback Events . | . . . . . Feedback Blocked . | . . . . . Robot Schematics Acquired 3 | . . . . 3 Robots Built . | . . . . . Authchips . | . . . . . Time . | . . . . . Total Robot Build Rating . | . . . . . Part Schematics Acquired 15 | . . . . 15 Parts Built . | . . . . . Authchips . | . . . . . Time . | . . . . . Total Part Build Rating . | . . . . . Parts Repaired . | . . . . . Time . | . . . . . Parts Recycled . | . . . . . Recycled Matter . | . . . . . Retrieved Matter . | . . . . . Retrieved Components . | . . . . . Parts Scanalyzed . | . . . . . Part Schematics Acquired . | . . . . . Parts Damaged . | . . . . . Bothacking | -11 -10 -9 -9 -7 ------------ Run | Yrd Mat Mat Min Zio Used RIF Installer . | . . . . . Robots Hacked . | . . . . . Non-combat . | . . . . . Combat . | . . . . . Robot Hacks Applied . | . . . . . Relay Couplers Released . | . . . . . Fabnet Peak Effective % . | . . . . . Robots Rewired . | . . . . . Allies Hacked . | . . . . . Hacks Repelled . | . . . . . Allies | -11 -10 -9 -9 -7 -------- Run | Yrd Mat Mat Min Zio Total Allies . | . . . . . Largest Group . | . . . . . Highest-Rated Group . | . . . . . Highest-Rated Ally . | . . . . . Total Orders . | . . . . . Ally Attacks . | . . . . . Total Damage . | . . . . . Kills . | . . . . . Allies Corrupted . | . . . . . Allies Melted . | . . . . . Intel | -11 -10 -9 -9 -7 ------- Run | Yrd Mat Mat Min Zio Active Infowar (turns) . | . . . . . Robot Analysis Total . | . . . . . Derelict Logs Recovered . | . . . . . Drone Launches . | . . . . . Drone Recoveries . | . . . . . Exploration | -11 -10 -9 -9 -7 ------------- Run | Yrd Mat Mat Min Zio Turns Passed 1566 | 102 296 535 5 628 Spaces Moved 872 | 62 150 280 4 376 Core 10 | 10 . . . . Treads 862 | 52 150 280 4 376 Legs . | . . . . . Wheels . | . . . . . Hover . | . . . . . Flight . | . . . . . Fastest Speed 50 | 50 160 160 160 160 Average Speed 158 | 142 160 160 160 160 Slowest Speed 160 | 160 160 160 160 160 Overloaded Moves . | . . . . . Propulsion Burnouts . | . . . . . Robots Hopped . | . . . . . Potential Cave-ins . | . . . . . Cave-ins Triggered . | . . . . . Exploration Rate (%) 19 | 4 21 30 5 38 Regions Visited 4 Branch Regions 2 Pre-discovered Areas . | . . . . . Known Exits Taken . | . . . . . Unknown Exits Taken 4 | 1 1 1 1 . Scrap Searched 1 | . . . . 1 Spaces Dug . | . . . . . Terrain Destroyed 92 | . 8 84 . . Melee . | . . . . . Projectile . | . . . . . AOE 92 | . 8 84 . . Terrain Rammed . | . . . . . Walls Destroyed . | . . . . . Machines Disabled . | . . . . . Actions | -11 -10 -9 -9 -7 --------- Run | Yrd Mat Mat Min Zio Total 968 | 75 179 320 3 391 Wait . | . . . . . Move 869 | 62 149 279 3 376 Hop . | . . . . . Pick Up 25 | 7 8 6 . 4 Fast Attach . | . . . . . Attach 20 | 6 2 9 . 3 Detach 4 | . 1 1 . 2 Swap 3 | . 2 . . 1 Drop 5 | . 3 2 . . Fire 42 | . 14 23 . 5 Melee . | . . . . . Ram . | . . . . . Kick . | . . . . . Crush . | . . . . . Escape Stasis . | . . . . . Rewire . | . . . . . Trap . | . . . . . Miscellaneous . | . . . . . Route ------- -11/Scrapyard -10/Materials -9/Materials -9/Mines -7/Zion History --------- Turn | Location | Event 4 | -11/Scrapyard | Discovered new exit (range 16) 103 | -11/Scrapyard | Entered Materials 277 | -10/Materials | Discovered new exit (range 16) 318 | -10/Materials | Build established: Mutant 399 | -10/Materials | Entered another Materials area 399 | -9/Materials | Evolved 2 slots: Power x1, Weapon x1 701 | -9/Materials | Discovered new exit (range 15) 751 | -9/Materials | Build established: Gunner 797 | -9/Materials | Destroyed 7 combat bots 934 | -9/Materials | Entered Mines 935 | -9/Mines | A Derelict revealed a hidden shortcut to a safe place 939 | -9/Mines | Entered Zion 1499 | -7/Zion | Attacked by Zionites 1567 | -7/Zion | Self-destructed Last Messages --------------- GK-RQ4(z) pulls a Mak. Shrapnel Gun out of the Twisted Machinery. GK-RQ4(z) Mak. Shrapnel Gun blasted off. GK-RQ4(z) pulls a Mak. Axe out of the Twisted Machinery. NZ-AHS(z) bursts out of the Twisted Machinery. NZ-AHS(z) pulls a Mak. Axe out of the Twisted Machinery. OV-BJV(z) bursts out of the Twisted Machinery. OV-BJV(z) pulls a Mak. Shrapnel Gun out of the Twisted Machinery. AT-EBV(z) emerges from the Twisted Machinery. AT-EBV(z) pulls a Mak. Axe out of the Twisted Machinery. 1T-AA5(z) pulls a Mak. Laser out of the Twisted Machinery. Shotgun destroyed. E4-PFH(z) pulls a Mak. Spear out of the Twisted Machinery. HL-PCQ(z) emerges from the Twisted Machinery. HL-PCQ(z) pulls a Mak. Hammer out of the Twisted Machinery. JC-N48(z) bursts out of the Twisted Machinery. JC-N48(z) pulls a Mak. Hammer out of the Twisted Machinery. RG-LQY(z) bursts out of the Twisted Machinery. RG-LQY(z) pulls a Mak. Sword out of the Twisted Machinery. 73-ACL(z) bursts out of the Twisted Machinery. 73-ACL(z) pulls a Mak. Sword out of the Twisted Machinery. Map ----- +----------------------------------------------------+ | ?????????????????????????????????????????????????? | | ?????????????????????????????????????????????????? | | ?????????????????????????????????????????????????? | | ?????????????????????????????????????????????????? | | ?????????????????????????????????????????????????? | | ?????????????????????????????????????????????????? | | ?????????????????????????????????????????????????? | | ?????????????????????????????????????????????????? | | ?????????????????????????????????????????????????? | | ?????????????????????????????????????????????????? | | ?????????????????????????????????????????????????? | | ?????????????????????????????????????????????????? | | ?????????????????????????????????????????????????? | | ???????####??????????????????????????????????????? | | ??????#""""??????????????????????????????????????? | | ???????" ??????????????????????????????????????? | | ??????## #????????????????????#####????????????? | | ??????#X ??????????????????### #????????????? | | ###?### ??????????????????# #????????????? | | #?#"# ? ##????????????????#[ ! *#????????????? | | " ###"""#### ######???????????## ##????????????? | | " #"""""""" ##"""#?###???????## #????######???? | | " #"" """" ""###"######### ##??##""#"##### | | "" """"""""""#""# ####"#"""""""# | | " Mb "z" """""""" " # """" "" ""# | | """" zzzz%zzz zz@ """""" """ ""# | | % """" z zz z """ " ""# | | [ "#"" """""""" """ | | """" """" """##"" "# | | "" "#"" "#"" z"""#""""""""" "" | | """""""" """" "#"""""""""" "" | | """""""" "" ""z"""""""" "" | | "" """ " "" "" | | """ """" """" | | " """"" """ """" "" | | """ ""#"" """""" """"" "" | | "#" """ "?? """ """" """""##""""" " | | """ """" ??? """""???"""""""#""""""""" | | "?? """" ??? """""?????? """"""""""""" | | ?????? ?? ??? ????????? | | ?????????? ??? ????????????? | | ?????????????????????????????? | | ?????????????????????????????? """ | | ??????????????????????????????? "" """" | | ?????????????????????????????????"""""""""""""""" | | ??????????????????????????????????#""#""#""""##"" | | ?????????????????????????????????????#####"##?#"" | | ?????????????????????????????????????????##???##" | | ?????????????????????????????????????????????##"" | | ?????????????????????????????????????????????#""" | +----------------------------------------------------+ Best States ------------- Heat Dissipation 28 Energy Generation 14 Energy Capacity 240 Matter Stores 300 Matter Capacity 300 Sight Range 16 Terrain Scan Density 10 Evasion (%) 40 Recoil Reduction 2 Offensive Hacking 10 Item Schematics ----------------- Great Axe | -7/Zion | Archive Imp. Thermal Generator | -7/Zion | Archive Imp. Deuterium Engine | -7/Zion | Archive Imp. Reaction Control System | -7/Zion | Archive Adv. Assault Cannon | -7/Zion | Archive Magnetic Acceleration Cannon | -7/Zion | Archive Dynamic Insulation System | -7/Zion | Archive Imp. Plasma Cutter | -7/Zion | Archive Adv. System Shield | -7/Zion | Archive Greatsword | -7/Zion | Archive Imp. Proton Missile Launcher | -7/Zion | Archive Power Amplifier | -7/Zion | Archive Gravmag System | -7/Zion | Archive System Restoration Module | -7/Zion | Archive Arm. Leg | -7/Zion | Archive Robot Schematics ------------------ H-55 Commando | -7/Zion | Archive L-31 Rogue | -7/Zion | Archive G-73 Enforcer | -7/Zion | Archive Fabricated ------------ Nothing Repaired ---------- Nothing Alien Tech Used ----------------- None Achievements -------------- Robot Respite Challenges ------------ None Game ------ Seed ZhirovPlatingShredder Manual? 0 Play Time 00:14:26 Cumulative 2.8 hours Start 2025.05.09 @ 00:41:30 End 2025.05.09 @ 00:53:12 Sessions 1 Manual Loads 0 Difficulty Rogue Special Mode None Game No. 14 Rogue 14 Adventurer 0 Explorer 0 Win Type - Total 0 Types 0/0/0/0/0/0/0/0/0/0 Lore% 1 Gallery% 8 Achievement% 8 Wizard Run 0 Options --------- Layout 0 ASCII 0 Keyboard 0 Movement Arrows Keybinds 0 Fullscreen 1 Font 24/Smallcaps Map View 56x25 Zoom Use 100% Tactical HUD 0 Map Filters NONE Filters NONE Steam 1 RUN: dcd8e6d3-22dd-4941-9d77-15f8eb980558